 Dungeon Crawl Stone Soup version 0.28.0-62-gf88900778d (webtiles) character file.

Game seed: 12944460552212131281

4 jjjjhere the Skirmisher (level 1, 0/20 HPs)
             Began as a Hill Orc Abyssal Knight on Sept 23, 2023.
             Was an Initiate of Lugonu.
             Slain by a rat (2 damage)
             ... on level 1 of the Dungeon.
             The game lasted 00:00:19 (192 turns).

jjjjhere the Skirmisher (Hill Orc Abyssal Knight)    Turns: 192, Time: 00:00:20

Health: 0/20       AC:  3    Str: 15    XL:     1   Next: 60%
Magic:  2/2        EV: 11    Int: 10    God:    Lugonu [......]
Gold:   0          SH:  0    Dex: 11    Spells: 0/0 levels left

rFire   . . .      SeeInvis .   a - +1 hand axe
rCold   . . .      Faith    .   (no shield)
rNeg    . . .      Spirit   .   b - +0 leather armour
rPois   .          Reflect  .   (no helmet)
rElec   .          Harm     .   (no cloak)
rCorr   .          Rampage  .   (no gloves)
Will    .....                   (no boots)
Stlth   +.........              (no amulet)
HPRegen 0.06/turn               (no ring)
MPRegen 0.08/turn               (no ring)

@: no status effects
A: no striking features
a: Renounce Religion


You were on level 1 of the Dungeon.
You worshipped Lugonu.
Lugonu was noncommittal.
You visited 1 branch of the dungeon, and saw 1 of its levels.
You visited the Abyss 1 time.

Inventory:

Hand Weapons
 a - a +1 hand axe (weapon)
Armour
 b - a +0 leather armour (worn)


   Skills:
 + Level 3.7 Fighting
 * Level 3.1 Axes
 - Level 2.1 Armour
 - Level 0.7 Dodging
 - Level 2.4 Invocations


You couldn't memorise any spells.
You didn't know any spells.
Your spell library was empty.

Dungeon Overview and Level Annotations

Branches:
Dungeon (1/15)

Altars:


Message History

The ball python bites you but does no damage.
The ball python constricts you. The ball python bites you.
The ball python constricts you.
You escape the ball python's grasp.
A rat comes into view.
The dart slug launches a dart at you. The slug dart hits you.
You see here a quokka corpse.
The ball python barely misses you. x2
The dart slug launches a dart at you. The slug dart hits you.
The dart slug bites you.
You hit the dart slug.
The dart slug is lightly wounded.
You hit the ball python but do no damage.
The ball python bites you.
* * * LOW HITPOINT WARNING * * *
The ball python grabs you. The ball python constricts you.
The dart slug barely misses you. The ball python closely misses you.
The ball python constricts you.
* * * LOW HITPOINT WARNING * * *
You hit the dart slug but do no damage. You completely miss the ball python.
The ball python bites you.
* * * LOW HITPOINT WARNING * * *
The ball python constricts you. The dart slug closely misses you.
You hit the dart slug.
The dart slug is severely wounded.
You closely miss the ball python. The ball python bites you.
* * * LOW HITPOINT WARNING * * *
The ball python constricts you. The rat bites you but does no damage.
You hit the dart slug but do no damage.
The dart slug is severely wounded.
You barely miss the rat. You hit the ball python.
The ball python barely misses you. The ball python constricts you.
* * * LOW HITPOINT WARNING * * *
The dart slug launches a dart at you. The slug dart misses you.
The slug dart hits the ball python.
The ball python dies!
The rat bites you.
You die...

.......
#...........##
#..............#
#...........##.#
#............#.#
#.#?.........#.#
.......##...#.#
###.###.##.......#.#
......w@†..........#
....##)r..†#####.#.#
# #.....##......#
#......##.###.######
#......##.#........#
#......##.#.#..###.#
##.....##.#.##.#...#
#.....##.#.##...###
.........#.###..#


You could see a dart slug and a rat.

Vanquished Creatures
  2 endoplasms (D:1)
  A quokka (D:1)
3 creatures vanquished.

Vanquished Creatures (others)
  A ball python (D:1)
1 creature vanquished.

Grand Total: 4 creatures vanquished

Notes
Turn   | Place    | Note
-------+----------+-------------------------------------------
     0 | Abyss:1  | jjjjhere the Hill Orc Abyssal Knight began the quest for
                  | the Orb.
     0 | Abyss:1  | Reached XP level 1. HP: 19/19 MP: 2/2
    32 | Abyss:1  | Noticed an apocalypse crab
    33 | D:1      | Escaped the Abyss
   189 | D:1      | HP: 6/20 [ball python (1)]
   192 | D:1      | HP: 2/20 [constriction (1)]
   192 | D:1      | Slain by a rat

Illustrated notes

Levels and vault maps discovered:
D:1:      minmay_arrival_stair_chambers, layout_basic, serial_shops, shop

Skill      XL: |  1 |
---------------+----+-----
Axes           | 3 |  3.1
Fighting       | |  3.7
Armour         | |  2.1
Dodging        | |  0.7
Invocations    | |  2.4

Action                   || total
-------------------------++-------
Melee: Hand axe          ||    13
Invok: Depart the Abyss  ||     1
 Stab: Sleeping          ||     1
Armor: Leather armour    ||     4
Dodge: Dodged            ||    11
